 Dungeon Crawl Stone Soup version 0.27.1-33-g824d729ab1 (webtiles) character file.

Game seed: 15935489235666737817

33 zeram the Sneak (level 3, -2/16 HPs)
             Began as a Spriggan Enchanter on Dec 21, 2021.
             Slain by Terence (6 damage)
             ... on level 2 of the Dungeon.
             The game lasted 00:02:19 (1659 turns).

zeram the Sneak (Spriggan Enchanter)                Turns: 1659, Time: 00:02:20

Health: -2/16      AC:  2    Str:  4    XL:     3   Next: 12%
Magic:  0/8        EV: 17    Int: 17    God:
Gold:   36         SH:  0    Dex: 15    Spells: 4/7 levels left

rFire    . . .     SeeInvis +   d - +3 short sword
rCold    . . .     Faith    .   (shield restricted)
rNeg     . . .     Spirit   +   b - +0 robe
rPois    .         Reflect  .   (helmet restricted)
rElec    .         Harm     .   (no cloak)
rCorr    .         Rampage  .   (gloves unavailable)
Will     +....                  (boots unavailable)
Stlth    +++.......             c - amulet of guardian spirit
HPRegen  0.05/turn              g - ring of willpower
MPRegen  0.11/turn              (no ring)

@: very quick
A: very small, no large weapons, unfitting armour, see invisible, speed 3
a: no special abilities


You were on level 2 of the Dungeon.
You visited 1 branch of the dungeon, and saw 3 of its levels.

You collected 36 gold pieces.

Inventory:

Hand Weapons
 a - a +1 dagger
 d - a +3 short sword (weapon)
 h - a +1 dagger of flaming
Armour
 b - a +0 robe (worn)
Jewellery
 c - an amulet of guardian spirit (around neck)
 e - a +4 ring of evasion
 g - a ring of willpower (left hand)
Wands
 j - a wand of polymorph (10)
Potions
 f - a potion of attraction {unknown}
 i - 2 potions of flight {unknown}


   Skills:
 + Level 0.1 Fighting
 + Level 1.4 Short Blades
 + Level 3.0 Dodging
 + Level 5.1 Stealth
 + Level 2.9 Spellcasting
 + Level 4.2 Hexes


You had 4 spell levels left.
You knew the following spells:

 Your Spells              Type           Power      Damage    Failure   Level
a - Corona                Hex            18%        N/A       3%          1
b - Ensorcelled Hibernat  Hex/Ice        18%        N/A       11%         2

Your spell library contained the following spells:

 Spells                   Type           Power      Damage    Failure   Level
 Confusing Touch          Hex            17%        N/A       9%          3
 Tukima's Dance           Hex            17%        N/A       9%          3
 Dazzling Flash           Conj/Hex       18%        N/A       22%         3


Dungeon Overview and Level Annotations

Branches:
Dungeon (3/15)

Altars:

Annotations:
D:2 Terence


Innate Abilities, Weirdness & Mutations

You are very small and have problems with some larger weapons.
You are too small for most types of armour.
You have supernaturally acute eyesight. (SInv)
You cover ground extremely quickly. (Speed+++)


Message History

A kobold comes into view. It is wielding a +0 dagger.
Found a mace. 2 gnolls come into view.
The gnoll shouts!
The kobold shouts!
The orc hits you with a +0 club.
You closely miss the orc. The orc barely misses you.
The gnoll shouts!
You puncture the orc!
You kill the orc!
You barely miss the gnoll. The gnoll completely misses you.
The gnoll closely misses you. The kobold barely misses you.
You barely miss the gnoll. The gnoll barely misses you. The kobold misses you.
The gnoll hits you from afar with a +0 spear.
An orc comes into view. It is wielding a +0 mace.
The gnoll closely misses you.
You barely miss the gnoll.
The gnoll hits you from afar with a +0 spear!
The kobold closely misses you.
The gnoll hits you from afar with a +0 spear.
* * * LOW HITPOINT WARNING * * *
The gnoll misses you.
You are too injured to fight recklessly!
You are too injured to fight recklessly!
You are too injured to fight recklessly!
You are too injured to fight recklessly!
You are too injured to fight recklessly!
You are too injured to fight recklessly!
You are too injured to fight recklessly!
You are too injured to fight recklessly!
You are too injured to fight recklessly!
You are too injured to fight recklessly!
You are too injured to fight recklessly!
You are too injured to fight recklessly!
You are too injured to fight recklessly!
The kobold hits you but does no damage.
There is a stone staircase leading up here.
You climb upwards.
Level annotation: Terence Terence hits you with a +0 rapier!
You die...

#.##.###.##....
.#..............
.........g##....
.######..........
.................
..#####).....####
#####.#..###
#...#.#@.#
#.#†#...@#
#.#<#..#.#
#.###..#.#
#......#.#
######.#.# ..#.#
##.# ...


You could see Terence and a goblin.

Vanquished Creatures
  3 dart slugs (D:1)
  An orc (D:3)
  2 ball pythons (D:1)
  3 bats
  3 endoplasms
  3 goblins
  2 hobgoblins
  3 kobolds (D:1)
  A quokka (D:1)
  A frilled lizard (D:1)
22 creatures vanquished.

Notes
Turn   | Place    | Note
-------+----------+-------------------------------------------
     0 | D:1      | zeram the Spriggan Enchanter began the quest for the Orb.
     0 | D:1      | Reached XP level 1. HP: 9/9 MP: 5/5
   200 | D:1      | Reached XP level 2. HP: 5/13 MP: 1/6
   574 | D:1      | Learned a level 2 spell: Ensorcelled Hibernation
  1262 | D:2      | Reached skill level 5 in Stealth
  1495 | D:2      | Reached XP level 3. HP: 16/16 MP: 8/8
  1606 | D:2      | Noticed Terence
  1659 | D:2      | Slain by Terence

Illustrated notes

Levels and vault maps discovered:
D:1:      dpeg_cavernosity, layout_rooms
D:2:      layout_basic, chequers_ecumenical_altar_simple,
          kennysheep_generic_room_12, uniq_sigmund, uniq_terence
D:3:      layout_basic, nicolae_gozag_cash_rules_everything_around_me,
          led_xom_imps

Skill      XL: |  1  2 |
---------------+-------+-----
Dodging        | 3 |  3.0
Hexes          | 4 |  4.2
Stealth        | 5 |  5.1
Fighting       | |  0.1
Short Blades   | |  1.4
Spellcasting   | |  2.9

Action                   || total
-------------------------++-------
Melee: Dagger            ||    24
       Short sword       ||    50
  Use: Scroll            ||     2
 Stab: Sleeping          ||     4
Armor: Robe              ||     8
Dodge: Dodged            ||    69
